[Event "Grand Prix Romania 1st Stage 2024"]
[Site "Bucuresti"]
[Date "2024.03.23"]
[Round "1.1"]
[White "Motylev, Alexander"]
[Black "Jiros, Doru"]
[Result "1-0"]
[ECO "B01"]
[WhiteElo "2611"]
[BlackElo "1871"]
[Annotator "TA"]
[PlyCount "37"]
[EventDate "2024.03.20"]
[EventCountry "ROU"]
[SourceTitle "playchess.com"]
[Source "ChessBase"]
[SourceQuality "1"]
[TimeControl "900+5"]

1. e4 d5 2. exd5 Qxd5 3. Nc3 Qd8 4. d4 Nf6 5. Bg5 h6 6. Bh4 Bf5 (6... c6 $11 {bleibt in der Remisbreite.}) 7. Bd3 $16 Bxd3 8. Qxd3 {[%emt 0:00:01] Weiß steht etwas besser.} c6 9. Bxf6 exf6 10. O-O-O {[%emt 0:00:02] Und d5 würde nun gewinnen.} Be7 ({Günstiger ist} 10... Bb4 $14) 11. d5 {[%emt 0:00:31] Weiß steht aktiver.} Qd6 {[%emt 0:08:45] Schwarz ist schwach auf den weissen Feldern} (11... cxd5 $16 12. Qg3 (12. Qxd5 Nc6 $14) (12. Nxd5 O-O $16) 12... Kf8) 12. dxc6 $18 Qf4+ ({Vergiftet wäre} 12... Qxd3 $2 13. cxb7 (13. Rxd3 Nxc6 14. Nf3 Rd8 $14) 13... Qa6 (13... Qxd1+ $2 14. Nxd1 O-O 15. bxa8=Q $18) 14. bxa8=Q $18 (14. bxa8=R $2 O-O $19)) 13. Kb1 bxc6 14. Nge2 Qc7 15. Ng3 $40 {[%emt 0:00:24][%mdl 128] Weiss greift entschieden an.} O-O (15... g6 $142 16. h4 h5) 16. Nf5 Re8 $2 (16... Bb4 17. a3 Ba5) 17. Rhe1 {[%emt 0:00:15] [#] Und jetzt Nxe7+ wäre schön. Weiß steht klar auf Gewinn.} a5 (17... Na6 $142 18. Rxe7 (18. Qxa6 Bf8 $18) 18... Rxe7 19. Nxe7+ (19. Qxa6 Re6 $18) 19... Qxe7 20. Qxa6 Qc5) 18. Nxe7+ Rxe7 19. Qd8+ {[%emt 0:00:08] Nach der Eröffnung ein Spiel auf ein Tor.   Gewichteter Fehlerwert: Weiß=0.11 (sehr präzise) /Schwarz=0.52.  Fehler:       	---       	Schwarz=6     Ungenau:       	Weiß=1     	---        OK:         	Weiß=7     	Schwarz=3     Bester:       	Weiß=2     	Schwarz=1} 1-0

[Event "Grand Prix Romania 1st Stage 2024"]
[Site "Bucuresti"]
[Date "2024.03.23"]
[Round "1.2"]
[White "Atanasov, Aleksandar"]
[Black "Ponomariov, Ruslan"]
[Result "0-1"]
[ECO "B50"]
[WhiteElo "1820"]
[BlackElo "2646"]
[Annotator "TA"]
[PlyCount "114"]
[EventDate "2024.03.20"]
[EventCountry "ROU"]
[SourceTitle "playchess.com"]
[Source "ChessBase"]
[SourceQuality "1"]
[TimeControl "900+5"]

1. e4 c5 2. Nf3 d6 3. c3 Nf6 4. Be2 Bd7 5. Qc2 Bc6 6. d3 Nbd7 7. O-O g6 8. Be3 {[%emt 0:01:09] White is slightly better.} Bg7 9. Nbd2 Rc8 10. d4 cxd4 11. Nxd4 (11. cxd4 Bxe4 12. Qb3 Bd5 $17) 11... O-O 12. Nxc6 Rxc6 13. Nc4 (13. Bxa7 b6 14. a4 Qa8 15. Bxb6 (15. Bb5 Rc7 $17) 15... Rxb6 $17 (15... Nxb6 16. a5 $17)) (13. Rad1 $14) 13... a6 14. a4 Qc7 15. Nd2 Rc8 16. Rfd1 e6 17. h3 d5 18. Bf3 Ne5 19. exd5 Nxf3+ 20. Nxf3 Nxd5 21. Nd4 Nxe3 22. fxe3 Rc5 23. Rf1 Re5 24. Rf3 {[%emt 0:00:22] [#]} ({White should try} 24. e4) 24... Rxe3 $3 $17 25. Rxe3 Bxd4 26. Qd3 Bxe3+ 27. Qxe3 $19 {[%emt 0:00:00][%mdl 4096] Endgame. KQR-KQR} Rd8 28. Qe2 Qb6+ 29. Kh1 Rd5 30. Rd1 Rf5 31. b4 h5 32. a5 Qc7 33. Qe3 Kh7 34. Rc1 Qc4 35. Re1 Kg7 36. Kg1 Rd5 37. Rf1 e5 38. Qf3 {[%emt 0:00:03] White does not recover from this.} (38. Qg5 $17 {was necessary.} Qc7 (38... Qxc3 $2 39. Qe7 $18) 39. c4) 38... f5 {[%emt 0:00:02] Active counter play!} 39. Qe3 e4 40. Qb6 Rd7 (40... Qxc3 $2 {perishes.} 41. Qxb7+ Kh6 42. Qxd5 $18) 41. Rc1 (41. Qe3 {is a better defense.}) 41... Qd3 {[%emt 0:00:09] aiming for ...Qd2.} ({Don't do} 41... f4 42. Qf2 g5 43. Kh2 $19) 42. Qc5 Qd5 (42... Qd2 $142 43. Rb1 e3 44. Qe5+ Kf7) 43. Qb6 $2 (43. Qxd5 Rxd5 44. c4) 43... Qd2 44. Rf1 Qxc3 (44... e3 $142 {[%cal Oe3e2] Hoping for ...e2!} 45. Qe6 e2) 45. Qe6 Qd4+ 46. Kh1 Qd6 47. Qc4 Qd3 48. Qc1 e3 49. Re1 f4 {[%emt 0:00:01] White must now prevent ...Qd2.} 50. Qb2+ Qd4 51. Qe2 Qd2 52. Qf1 Qf2 {[%emt 0:00:02] Black mates.} 53. Qxf2 exf2 54. Rf1 Rd2 55. Kh2 h4 56. Rb1 Re2 57. Rf1 Kf6 {[%emt 0:00:01] Weighted Error Value: White=0.65/Black=0.21 (precise) .  Mistake:       	White=5     	Black=1      Inaccurate:     	White=3     	Black=3      OK:         	White=11    	Black=19     Best:        	---       	Black=4} 0-1

[Event "Grand Prix Romania 1st Stage 2024"]
[Site "Bucuresti"]
[Date "2024.03.23"]
[Round "1.3"]
[White "Sarana, Alexey"]
[Black "Zanfir, Iulian"]
[Result "1-0"]
[ECO "E54"]
[WhiteElo "2699"]
[BlackElo "1786"]
[Annotator "TA"]
[PlyCount "31"]
[EventDate "2024.03.20"]
[EventCountry "ROU"]
[SourceTitle "playchess.com"]
[Source "ChessBase"]
[SourceQuality "1"]
[TimeControl "900+5"]

1. c4 c6 2. e4 d5 3. exd5 cxd5 4. d4 Nf6 5. Nc3 e6 6. Nf3 Nc6 7. Bd3 Bb4 8. O-O Bxc3 9. bxc3 dxc4 10. Bxc4 O-O 11. Bg5 a6 ({Better is} 11... b6 $14) 12. Bd3 $16 {[%emt 0:00:09] White is more active.} b5 (12... h6 $16) 13. Ne5 $18 Bb7 14. Ng4 {[%emt 0:01:14] Hoping for Nxf6+.} Kh8 $2 (14... Nxd4 15. cxd4 Qd5) 15. Nxf6 {[%emt 0:00:17][%cal Od1h5] Threatening mate with Qh5!} gxf6 {[%emt 0:00:35] [#]} 16. Qh5 $1 {[%emt 0:00:04] White took control after the opening.   Weighted Error Value: White=0.00 (flawless) /Black=0.51.  Mistake:       	---       	Black=3      OK:         	White=3     	---        Best:        	White=1     	---} 1-0

[Event "Grand Prix Romania 1st Stage 2024"]
[Site "Bucuresti"]
[Date "2024.03.23"]
[Round "1.4"]
[White "Chicarosie, Ioana-Bianca"]
[Black "Deac, Bogdan-Daniel"]
[Result "0-1"]
[ECO "A40"]
[WhiteElo "1820"]
[BlackElo "2690"]
[Annotator "TA"]
[PlyCount "66"]
[EventDate "2024.03.20"]
[EventCountry "ROU"]
[SourceTitle "playchess.com"]
[Source "ChessBase"]
[SourceQuality "1"]
[TimeControl "900+5"]

1. d4 g6 2. Nf3 Bg7 3. Nbd2 c5 4. d5 Nf6 5. e4 O-O 6. g3 ({White should play} 6. Bd3 $11) 6... d6 7. Bg2 b5 8. c3 {[%emt 0:01:14] The position is equal.} e6 9. dxe6 Bxe6 10. O-O Nc6 11. Ng5 {[%emt 0:01:07] aiming for Nxe6.} Bg4 12. Qc2 h6 13. Ngf3 (13. Nh3 $11) 13... Re8 $15 14. h3 Be6 15. Re1 Qd7 16. Kh2 Qc7 {[%emt 0:00:30] Black is more active.} 17. Nb3 Nd7 ({Better is} 17... Rab8 $17) 18. Bf4 g5 19. Be3 Rab8 20. Nbd2 a5 21. a4 b4 22. Rab1 Nb6 23. c4 $2 {[%emt 0:00:20] [#] White does not recover from this.} ({White should try} 23. Bf1 $15) 23... b3 $1 $19 24. Nxb3 (24. Qc1 Nb4) 24... Nxc4 25. Nfd2 Nb4 26. Qd1 Nd3 (26... Bxb2 $2 {perishes.} 27. Nxc4 Bc3 28. Nbd2 $18 (28. Ncxa5 Bxe1 29. Qxe1 Nc2 $14) (28. Nxd6 Red8 $18) (28. Qxd6 Qxd6 29. Nxd6 Bxe1 $18)) 27. Rf1 Nxe3 (27... Bxb2 $2 28. Nxc4 Bxc4 29. Nd2 $19) 28. fxe3 Qb6 ({Don't do} 28... Bxb2 29. Qc2 c4 30. Nd4 $19) 29. Nc1 Nxb2 30. Qf3 Qd8 31. Ne2 Nd3 32. e5 Nxe5 ({Less strong is} 32... Bxe5 33. Rxb8 Qxb8 34. Nf4 gxf4 35. exf4 $19) 33. Qf2 Rb4 {[%emt 0:00:04] Weighted Error Value: White=0.45/Black=0.18 (very precise) .  Loses game:     	White=1     	---        Mistake:       	White=1     	Black=1      Inaccurate:     	White=4     	Black=4      OK:         	White=7     	Black=12     Best:        	White=1     	---        Brilliant:      	---       	Black=1} 0-1

[Event "Grand Prix Romania 1st Stage 2024"]
[Site "Bucuresti"]
[Date "2024.03.23"]
[Round "1.5"]
[White "Safarli, Eltaj"]
[Black "Haineala, Iustin-Petru"]
[Result "1-0"]
[ECO "B13"]
[WhiteElo "2614"]
[BlackElo "1825"]
[Annotator "TA"]
[PlyCount "65"]
[EventDate "2024.03.20"]
[EventCountry "ROU"]
[SourceTitle "playchess.com"]
[Source "ChessBase"]
[SourceQuality "1"]
[TimeControl "900+5"]

1. e4 c6 2. d4 d5 3. exd5 cxd5 4. c4 Nf6 5. Nc3 Nc6 6. Bg5 dxc4 7. d5 Ne5 8. Qd4 Nd3+ 9. Bxd3 cxd3 10. Nf3 h6 $1 11. Bf4 d2+ 12. Qxd2 (12. Nxd2 {keeps more tension.} e6 13. d6 Qb6 14. Qxb6 axb6 15. Nc4) 12... a6 {[%emt 0:01:16] Repels Nb5} (12... g5 $142) 13. O-O $16 g5 14. Be5 {[%emt 0:00:05] [#] Threatens to win with Bxf6.} Bg7 15. d6 {[%emt 0:00:18] White is more active.} ({White should play} 15. h4) 15... e6 $2 {[%emt 0:00:32] This costs Black the game.} (15... Be6 $16 {was worth a try.}) 16. Qd4 $18 {[%emt 0:00:46] And now Rfe1 would win.} O-O 17. Ne4 Nh5 {[%emt 0:00:51] Black is weak on the dark squares} (17... Nxe4 18. Bxg7 Qxd6) 18. Bxg7 Nxg7 19. d7 Nf5 $2 (19... f6 20. Rfd1 (20. dxc8=R Rxc8 21. Qb4 Rc7 $18) (20. dxc8=N Qxd4 21. Nxd4 Raxc8 $18) 20... Bxd7 21. Qxd7 Qxd7 22. Rxd7 g4) 20. Qe5 Bxd7 21. Nf6+ Kh8 22. Nxd7+ {[%emt 0:00:04] A dynamic duo of knights.} f6 23. Qxe6 Ng7 24. Qh3 Kh7 25. Nxf8+ Qxf8 26. Rad1 f5 27. Nxg5+ Kg6 28. Nf3 {[%emt 0:00:04] [#] aiming for Rd7.} Kh7 29. Rd7 {[%emt 0:00:03][%cal Of1d1] White wants to mate with Rfd1!} b5 30. Re1 (30. Ng5+ $142 Kg6 31. Rfd1 hxg5 32. R1d6+ Qxd6 33. Rxd6+ Kf7 34. Qb3+ Ke7 35. Qd5) 30... Rc8 31. g3 {[%emt 0:00:05] White mates.} f4 32. Ree7 Rc1+ 33. Kg2 {[%emt 0:00:02] Weighted Error Value: White=0.34/Black=1.61.  Mistake:       	White=1     	Black=4      Inaccurate:     	---       	Black=1      OK:         	White=4     	Black=2      Best:        	White=1     	---} 1-0

[Event "Grand Prix Romania 1st Stage 2024"]
[Site "Bucuresti"]
[Date "2024.03.23"]
[Round "1.6"]
[White "Fluture, Valentin-Petrica"]
[Black "Sokolov, Ivan"]
[Result "0-1"]
[ECO "B43"]
[WhiteElo "1827"]
[BlackElo "2590"]
[Annotator "TA"]
[PlyCount "146"]
[EventDate "2024.03.20"]
[EventCountry "ROU"]
[SourceTitle "playchess.com"]
[Source "ChessBase"]
[SourceQuality "1"]
[TimeControl "900+5"]

1. e4 c5 2. Nf3 e6 3. d4 cxd4 4. Nxd4 a6 5. Nc3 b5 6. Bd3 Bb7 7. Qe2 Ne7 8. O-O Nbc6 9. Nb3 {[%emt 0:00:07] Weiß hat minimalen Vorteil.} Ng6 10. Be3 d6 11. Rad1 Nge5 12. a3 (12. f4 $14 Nxd3 13. Rxd3) 12... Be7 13. f4 Nxd3 14. cxd3 O-O 15. d4 b4 16. axb4 Nxb4 17. d5 exd5 18. exd5 a5 {[%emt 0:00:11] ...Ba6 wäre nun fies.} 19. Qd2 Bf6 20. Bd4 Ba6 (20... Bxd5 $2 21. Bxf6 Qxf6 22. Nxd5 $18) 21. Rf3 Bc4 {[%emt 0:00:21][%csl LRb3,LRd5] Das Läuferpaar ist gut.} 22. Nc1 (22. Bxf6 {vereinfacht} Qxf6 23. Nd4 Bxd5 24. Nxd5 Nxd5 25. Nb5) 22... Re8 (22... Nxd5 $2 23. Nxd5 Bxd5 24. Bxf6 Qxf6 25. Qxd5 $18) 23. Bxf6 Qxf6 24. Qd4 $2 {[%emt 0:01:23][%mdl 8192] [#]} (24. N1e2 $15) 24... Re1+ $3 $19 25. Kf2 {[%emt 0:00:29] [#] Qxf6 ist eine echte Drohung.} Rf1+ $1 26. Kg3 Qg6+ 27. Kh3 {[%emt 0:00:16] [#]} h5 $2 28. f5 {[%emt 0:01:21] [#]} Qg4+ 29. Qxg4 $11 hxg4+ 30. Kxg4 Rxd1 31. Nxd1 Bxd5 32. Rf2 Rc8 33. Nc3 Bc4 (33... Rc4+ 34. Kg3 $17) 34. Rd2 d5 35. N1e2 f6 36. Nd4 Nd3 37. Ne6 Rb8 38. Nxd5 {[%emt 0:00:00] Ab hier gerät Weiß ins Schliddern.} Rxb2 $1 $17 (38... Bxd5 $6 39. Rxd3 Bxg2 40. Rc3 $11) 39. Rxb2 Nxb2 $15 {[%emt 0:00:02][%mdl 4096] Endspiel. KBN-KNN} 40. Nb6 Bf1 41. Kf3 a4 42. Nd4 a3 43. Nc2 a2 44. g3 (44. Na1 $17 {war einen Versuch wert.}) 44... Bd3 $19 45. Na1 Bxf5 46. Nd5 Kf7 {[%emt 0:00:26] Pariert Ne7.} 47. Ke3 Nc4+ 48. Kd4 Ne5 49. Nc3 Be6 50. h4 (50. h3 $142) 50... Kg6 51. Ke4 Kh5 52. Kf4 Nd3+ 53. Ke3 Nc5 54. Kf4 Nb3 55. Nxa2 Nxa1 56. Nc3 Nb3 57. Ne4 Nd4 {[%emt 0:00:07] Droht stark ...Ne2+.} 58. Nc5 Bg4 {[%emt 0:00:08] ( -> ...Ne6+)} 59. Ne4 Ne2+ 60. Ke3 f5 61. Nd6 Nxg3 62. Ne8 g6 63. Nf6+ Kxh4 64. Nd5 Nh5 65. Kf2 g5 66. Ne7 Kh3 (66... f4 $142 67. Nc6 Kh3 68. Ke1 Nf6 69. Ne5 Ne4 70. Nd3 f3 71. Nf2+ Nxf2 72. Kxf2 Bh5 73. Ke3 Kh2 74. Kf2 g4 (74... Kh3 {führt zum Matt.} 75. Kf1 Kh2 76. Ke1 g4 77. Kf1 g3 78. Ke1 f2+ 79. Kd2 f1=Q 80. Kc3 g2 81. Kd4 g1=Q+ 82. Kc3 Qe3+ 83. Kb4 Qb1+ 84. Kc4 Bf7#) 75. Ke3 g3 76. Kd4 g2 (76... f2 {wird mattgesetzt.} 77. Ke3 f1=Q 78. Kd4 g2 79. Ke4 Qc4+ 80. Kf5 g1=Q 81. Kf6 Qd5 82. Ke7 Qg7#) 77. Ke5 g1=Q (77... g1=B 78. Kf6 f2 79. Kf5 f1=Q+ 80. Ke6 Bg4+ 81. Ke7 Bc5+ 82. Kd8 Qf8+ 83. Kc7 Qc8#) 78. Kf6 Qd4+ 79. Kf5 f2 (79... Qg4+ 80. Ke5 f2 81. Kd5 f1=Q 82. Kc6 Qc8+ 83. Kd6 Qf6+ 84. Kd5 Bf3#) 80. Kg5 f1=Q (80... f1=R $2 {ist ein Selbstmatt.} 81. Kh6 Rg1 82. Kxh5 Qh8#) 81. Kxh5 Qf7+ 82. Kh6 Qh4#) 67. Kg1 f4 {[%emt 0:00:03] Schwarz setzt Matt.} 68. Kf2 Ng3 69. Ng6 Kh2 70. Ne5 Ne4+ 71. Kf1 Bh3+ 72. Ke1 g4 73. Nd3 f3 {[%emt 0:00:05] Gewichteter Fehlerwert: Weiß=0.59/Schwarz=0.19 (sehr präzise) .  Verlustzug:     	Weiß=1     	---        Fehler:       	Weiß=4     	---        Ungenau:       	Weiß=3     	Schwarz=3     OK:         	Weiß=16    	Schwarz=19    Bester:       	Weiß=2     	Schwarz=3     Stark:        	---       	Schwarz=1     Brilliant:      	---       	Schwarz=1} 0-1

[Event "Grand Prix Romania 1st Stage 2024"]
[Site "Bucuresti"]
[Date "2024.03.23"]
[Round "1.7"]
[White "Mamedov, Rauf"]
[Black "Talmaci, Arsenie"]
[Result "1-0"]
[ECO "B10"]
[WhiteElo "2651"]
[BlackElo "1865"]
[Annotator "TA"]
[PlyCount "73"]
[EventDate "2024.03.20"]
[EventCountry "ROU"]
[SourceTitle "playchess.com"]
[Source "ChessBase"]
[SourceQuality "1"]
[TimeControl "900+5"]

1. e4 c6 2. Nf3 d5 3. e5 Bf5 4. Nh4 e6 5. Nxf5 exf5 6. d4 Ne7 7. Bd3 Nd7 8. Nd2 {[%emt 0:00:10] White is better.} g6 9. Nf3 Bg7 10. h4 h5 11. Ng5 {[%emt 0:00:38] e6 is the strong threat.} O-O 12. e6 f6 13. Nf7 {[%emt 0:00:05] White has more active pieces.} Qc7 (13... Rxf7 $16 14. exf7+ Kxf7) 14. Nh6+ Kh7 15. Nxf5 $1 Ne5 16. Nxg7 (16. dxe5 $18 {Nxe7 would now be deadly.} Nxf5 17. g4 hxg4 18. Qxg4 fxe5 19. h5) 16... Nxd3+ $16 17. Qxd3 Kxg7 {[%emt 0:00:02] Black is weak on the dark squares} 18. Bd2 Qd6 19. O-O-O Qxe6 20. Rde1 Qf7 21. f3 ({White should play} 21. Qf3) 21... Rh8 22. g4 Nc8 (22... Rae8 $16) 23. Bf4 $18 Nb6 {[%emt 0:00:17][%cal Bc8b6,Bb6d7,Bd7f8,Bf8e6][%mdl 32] [#]} 24. g5 $1 $36 {[%emt 0:00:46][%mdl 2048] Black must now prevent gxf6+. White is in control.} Nd7 25. gxf6+ Qxf6 $2 (25... Nxf6 26. Be5 Kh6 27. Qd2+ Kh7) 26. Bg5 {[%emt 0:00:03] White is clearly winning.} Qd6 27. Re7+ Kg8 28. Rhe1 Nf8 {[%emt 0:00:10] [#] Prevents R1e6.} 29. R1e6 $3 Qxe6 30. Rxe6 Nxe6 31. Qxg6+ Ng7 32. Bf6 Rh7 33. f4 Rf8 34. Be5 Rf7 35. b3 a6 36. Kb2 Kf8 37. Qxh7 {[%emt 0:00:05] Weighted Error Value: White=0.15 (very precise) /Black=0.23 (precise) .  Mistake:       	White=2     	Black=3      Inaccurate:     	---       	Black=2      OK:         	White=7     	Black=7      Best:        	White=1     	Black=2      Strong:       	White=1     	---} 1-0

[Event "Grand Prix Romania 1st Stage 2024"]
[Site "Bucuresti"]
[Date "2024.03.23"]
[Round "1.8"]
[White "Ifrim, Mihai"]
[Black "Kuzubov, Yuriy"]
[Result "0-1"]
[ECO "D02"]
[WhiteElo "1820"]
[BlackElo "2605"]
[Annotator "RC"]
[PlyCount "36"]
[EventDate "2024.03.20"]
[EventCountry "ROU"]
[SourceTitle "playchess.com"]
[Source "ChessBase"]
[SourceQuality "1"]
[TimeControl "900+5"]

1. d4 Nf6 2. Nf3 e6 3. Bf4 d5 4. e3 c5 5. c3 Nc6 6. Nbd2 Nh5 7. Bg5 Qb6 8. Rb1 h6 9. Bh4 g5 10. Bg3 Nxg3 11. hxg3 cxd4 12. exd4 e5 13. Nxe5 Nxe5 14. dxe5 Bf5 15. Qa4+ Kd8 16. Rd1 Bc5 17. Nf3 Bxf2+ 18. Ke2 Qe3# 0-1

[Event "Grand Prix Romania 1st Stage 2024"]
[Site "Bucuresti"]
[Date "2024.03.23"]
[Round "1.9"]
[White "Brunello, Sabino"]
[Black "Constantin, Eduard-Andrei"]
[Result "1-0"]
[ECO "A77"]
[WhiteElo "2515"]
[BlackElo "1731"]
[Annotator "RC"]
[PlyCount "71"]
[EventDate "2024.03.20"]
[EventCountry "ROU"]
[SourceTitle "playchess.com"]
[Source "ChessBase"]
[SourceQuality "1"]
[TimeControl "900+5"]

1. d4 Nf6 2. c4 c5 3. d5 e6 4. Nc3 exd5 5. cxd5 d6 6. Nf3 g6 7. Nd2 Nbd7 8. e4 Bg7 9. Be2 a6 10. a4 O-O 11. O-O Re8 12. h3 Rb8 13. a5 Qc7 14. Ra3 Bf8 15. Qc2 b5 16. axb6 Rxb6 17. Nc4 Rb4 18. Bf4 Nb6 19. b3 Nxc4 20. Bxc4 Rb6 21. Bh2 Qe7 22. Re1 Nd7 23. f4 Bg7 24. Ra2 Bd4+ 25. Kh1 Kh8 26. Qd3 Bb7 27. Rae2 f6 28. Bg1 Bxg1 29. Kxg1 Rb4 30. Na2 Rb6 31. Nc1 Ra8 32. Qc3 Kg8 33. Nd3 Re8 34. e5 fxe5 35. fxe5 dxe5 36. d6+ 1-0

[Event "Grand Prix Romania 1st Stage 2024"]
[Site "Bucuresti"]
[Date "2024.03.23"]
[Round "1.10"]
[White "Panaite, Mihai-Teodor"]
[Black "Sargsyan, Shant"]
[Result "0-1"]
[ECO "E90"]
[WhiteElo "1725"]
[BlackElo "2637"]
[Annotator "RC"]
[PlyCount "50"]
[EventDate "2024.03.20"]
[EventCountry "ROU"]
[SourceTitle "playchess.com"]
[Source "ChessBase"]
[SourceQuality "1"]
[TimeControl "900+5"]

1. d4 g6 2. c4 Bg7 3. Nc3 c5 4. d5 d6 5. Nf3 Nf6 6. e4 O-O 7. Bd3 e6 8. O-O a6 9. a4 b6 10. Bg5 h6 11. Be3 Re8 12. Qd2 Ng4 13. Bf4 e5 14. h3 exf4 15. hxg4 g5 16. Nh2 Nd7 17. Rfe1 Ne5 18. f3 Qf6 19. a5 Rb8 20. Reb1 Bd7 21. b4 Nxd3 22. Na4 Qd4+ 23. Kf1 Nxb4 24. Qxd4 Bxd4 25. Nxb6 Bxa1 0-1

[Event "Grand Prix Romania 1st Stage 2024"]
[Site "Bucuresti"]
[Date "2024.03.23"]
[Round "1.11"]
[White "Chigaev, Maksim"]
[Black "Fileru, Maria"]
[Result "1-0"]
[ECO "C91"]
[WhiteElo "2617"]
[BlackElo "1822"]
[Annotator "TA"]
[PlyCount "77"]
[EventDate "2024.03.20"]
[EventCountry "ROU"]
[SourceTitle "playchess.com"]
[Source "ChessBase"]
[SourceQuality "1"]
[TimeControl "900+5"]

1. e4 e5 2. Nf3 Nc6 3. Bb5 a6 4. Ba4 b5 5. Bb3 Bb7 6. O-O Be7 7. c3 Nf6 8. Re1 O-O 9. d4 d6 10. Nbd2 h6 11. Bc2 Re8 12. Nf1 Bf8 13. Ng3 {[%emt 0:00:07] White is slightly better.} Qc8 14. Bd2 Nb8 15. a4 Nbd7 16. Bd3 bxa4 17. Rxa4 Nb6 {[%emt 0:00:10] [#]} (17... a5 $14) 18. Ra5 $1 $16 c5 {[%emt 0:00:30][%cal Bc7c5,Bc5c4][%mdl 32] [#]} 19. d5 $1 {[%emt 0:00:19] White is more active.} c4 20. Be2 Nfd7 (20... Qc7 $16) 21. Be3 $18 Qc7 22. Qa1 Be7 23. Nf5 Bd8 24. Nd2 Nf6 $2 {[%emt 0:00:55] This costs Black the game.} (24... g6 $16 {might work better.}) 25. Bxb6 Qxb6 26. Nxc4 Qa7 27. Nfxd6 Bxa5 28. Nxa5 {[%emt 0:00:25] A dynamic duo of knights.} Nxe4 29. Nxe4 (29. Naxb7 Nxf2 30. Kf1 (30. Nxe8 $2 Nh3+ 31. Kh1 Qg1+ 32. Rxg1 Nf2#) 30... Nh1 $18) 29... Bxd5 30. Ng3 Qc5 31. b4 Qc7 32. c4 Be6 33. c5 f5 34. Bc4 f4 (34... Qf7 $142 35. Bxe6 Qxe6) 35. Nf5 (35. Qxe5 $2 {is the wrong capture.} Bxc4 36. Qc3 Bd5 $19 (36... Rxe1+ $2 37. Qxe1 Bd3 38. Nf1 $19)) 35... Kh7 36. Nd6 ({Not} 36. Qxe5 Bxc4 37. Qc3 Rxe1+ 38. Qxe1 Bd5 $17) 36... Re7 37. Qxe5 f3 38. Bxe6 {[%emt 0:00:08] White threatens Qe4+ and mate.} Rf8 39. Bf5+ {[%emt 0:00:09] Weighted Error Value: White=0.10 (very precise) /Black=0.61.  Loses game:     	---       	Black=1      Mistake:       	---       	Black=3      Inaccurate:     	White=2     	Black=2      OK:         	White=11    	Black=9      Strong:       	White=2     	---} 1-0

[Event "Grand Prix Romania 1st Stage 2024"]
[Site "Bucuresti"]
[Date "2024.03.23"]
[Round "1.12"]
[White "Matei, Mihai-Florin"]
[Black "Fridman, Daniel"]
[Result "0-1"]
[ECO "D00"]
[WhiteElo "1768"]
[BlackElo "2590"]
[Annotator "TA"]
[PlyCount "44"]
[EventDate "2024.03.20"]
[EventCountry "ROU"]
[SourceTitle "playchess.com"]
[Source "ChessBase"]
[SourceQuality "1"]
[TimeControl "900+5"]

1. d4 d5 2. Nc3 e6 3. Bf4 c5 4. e4 cxd4 5. Qxd4 Nc6 6. Bb5 Bd7 7. Bxc6 bxc6 8. exd5 {[%emt 0:00:15] The position is equal.} cxd5 9. Nf3 Qb6 10. Qxb6 axb6 11. Ne5 Bb4 12. Nxd7 Bxc3+ 13. bxc3 Kxd7 14. Kd2 Ne7 ({Black should play} 14... Nf6 $17 15. f3 Ra4) 15. Rhb1 $15 Ra6 16. Rb2 (16. Be3 $15) 16... Nc6 $17 17. Rab1 (17. Ke2 $17) 17... Na5 $19 {[%emt 0:00:02] [#] And now ...Nc4+ would win.} 18. Kd3 Nc4 19. Rb3 Kc6 20. Be3 e5 21. Bxb6 $2 {[%emt 0:00:52] [#]} (21. a3) 21... Rxb6 22. Rxb6+ Nxb6 {[%emt 0:00:02] Weighted Error Value: White=0.54/Black=0.06 (flawless) .  Mistake:       	White=3     	Black=1      Inaccurate:     	White=2     	Black=1      OK:         	White=5     	Black=9} 0-1

[Event "Grand Prix Romania 1st Stage 2024"]
[Site "Bucuresti"]
[Date "2024.03.23"]
[Round "1.13"]
[White "Bernadskiy, Vitaliy"]
[Black "Badica, Ariana"]
[Result "1-0"]
[ECO "B42"]
[WhiteElo "2573"]
[BlackElo "1708"]
[Annotator "RC"]
[PlyCount "41"]
[EventDate "2024.03.20"]
[EventCountry "ROU"]
[SourceTitle "playchess.com"]
[Source "ChessBase"]
[SourceQuality "1"]
[TimeControl "900+5"]

1. e4 c5 2. Nf3 d6 3. d4 cxd4 4. Nxd4 Nf6 5. Nc3 a6 6. a4 e6 7. Bd3 Be7 8. O-O b6 9. Qe2 Bb7 10. f4 O-O 11. Kh1 Nbd7 12. Nb3 Qc7 13. Bd2 Nc5 14. Nxc5 dxc5 15. e5 Nd5 16. f5 Nxc3 17. Bxc3 exf5 18. Rxf5 Bc8 19. e6 Bxe6 20. Rh5 h6 21. Qe4 1-0